PL
RICHARDSON CITY THUNDERCATS @ BOSTON PATRIOTS
08/09/2027
 
TOP OF THE 1ST
Richardson City Thundercats batting - Pitching for Boston Patriots : RHP Cameron Frye
Pitching: RHP Cameron Frye
Batting: RHB Chriss Mann 0-0: Foul Ball, location: 2F
0-1: Ball
1-1: Foul Ball, location: 2F
1-2: Ball
2-2: Ball
3-2: Foul Ball, location: 2F
3-2: Base on Balls
Batting: LHB Eduardo Álvarez 0-0: Ball
1-0: Called Strike
1-1: Fly out, F8 (Line Drive, 8LD)
Batting: LHB Fernando Ramírez 0-0: Ball
1-0: Foul Ball, location: 2F
1-1: Ball
2-1: Swinging Strike
2-2: SINGLE (Groundball, 56S) (infield hit)
Chriss Mann to second
Batting: RHB Tomás Martínez 0-0: Called Strike
0-1: Called Strike
0-2: Foul Ball, location: 2F
0-2: Ball
1-2: Foul Ball, location: 2F
1-2: Strikes out swinging
Batting: LHB Carroll Martin 0-0: Called Strike
0-1: Fly out, F8 (Flyball, 8RM)
Top of the 1st over - 0 run(s), 1 hit(s), 0 error(s), 2 left on base; Richardson City 0 - Boston 0
BOTTOM OF THE 1ST
Boston Patriots batting - Pitching for Richardson City Thundercats : RHP Cordell Wilson
Pitching: RHP Cordell Wilson
Batting: LHB Alberto Enríquez 0-0: Ball
1-0: SINGLE (Groundball, 15S) (infield hit)
Batting: LHB Ramón Félix 0-0: Called Strike
0-1: Ball
1-1: Foul Ball, location: 2F
1-2: Grounds into double play, 4-6-3 (Groundball, 4)
Batting: RHB Terry Armstrong 0-0: Foul Ball, location: 2F
0-1: Ball
1-1: Ball
2-1: Foul Ball, location: 2F
2-2: Fly out, F7 (Flyball, 7LM)
Bottom of the 1st over - 0 run(s), 1 hit(s), 0 error(s), 0 left on base; Richardson City 0 - Boston 0
TOP OF THE 2ND
Richardson City Thundercats batting - Pitching for Boston Patriots : RHP Cameron Frye
Batting: RHB Juan Cabrera 0-0: Foul Ball, location: 2F
0-1: Ball
1-1: Ground out 4-3 (Groundball, 4)
Batting: LHB Terrence Eler 0-0: Swinging Strike
0-1: Called Strike
0-2: Foul Ball, location: 2F
0-2: Foul Ball, location: 2F
0-2: Ball
1-2: Fly out, F8 (Flyball, 8LM)
Batting: RHB Alden Wiley 0-0: Ball
1-0: Swinging Strike
1-1: Foul Ball, location: 2F
1-2: Ball
2-2: Foul Ball, location: 2F
2-2: Fly out, F5 (Line Drive, 5)
Top of the 2nd over - 0 run(s), 0 hit(s), 0 error(s), 0 left on base; Richardson City 0 - Boston 0
BOTTOM OF THE 2ND
Boston Patriots batting - Pitching for Richardson City Thundercats : RHP Cordell Wilson
Batting: RHB Tommy Jones 0-0: Ball
1-0: Called Strike
1-1: Fly out, F8 (Flyball, 8LS)
Batting: RHB Tamasaburo Kato 0-0: Foul Ball, location: 2F
0-1: Ball
1-1: Ball
2-1: Fly out, F7 (Line Drive, 7LD)
Batting: LHB Jorge Alejándrez 0-0: Called Strike
0-1: Ball
1-1: Fly out, F2 (Popup, 3S)
Bottom of the 2nd over - 0 run(s), 0 hit(s), 0 error(s), 0 left on base; Richardson City 0 - Boston 0
TOP OF THE 3RD
Richardson City Thundercats batting - Pitching for Boston Patriots : RHP Cameron Frye
Batting: RHB Javier Rivera 0-0: Ball
1-0: Ball
2-0: Ball
3-0: Base on Balls
Batting: RHB Chriss Mann 0-0: Foul Ball, location: 2F
0-1: Ball
1-1: Called Strike
1-2: Ball
Wild Pitch!
Javier Rivera to second
2-2: Ground out U3 (Groundball, 3)
Javier Rivera to third
Batting: LHB Eduardo Álvarez 0-0: Called Strike
0-1: Ball
1-1: Fly out, F7 (Flyball, 78S)
Batting: LHB Fernando Ramírez 0-0: Ball
1-0: Ball
2-0: SINGLE (Line Drive, 8RS)
Javier Rivera scores
Batting: RHB Tomás Martínez 0-0: Ball
1-0: Foul Ball, location: 2F
1-1: Swinging Strike
1-2: Foul Ball, location: 2F
1-2: Ball
2-2: SINGLE (Groundball, 56D)
Fernando Ramírez to second
Batting: LHB Carroll Martin 0-0: Ball
1-0: Ball
2-0: Foul Ball, location: 2F
2-1: Ball
3-1: Fielders Choice at 2nd, 4-6 (Groundball, 4)
Top of the 3rd over - 1 run(s), 2 hit(s), 0 error(s), 1 left on base; Richardson City 1 - Boston 0
BOTTOM OF THE 3RD
Boston Patriots batting - Pitching for Richardson City Thundercats : RHP Cordell Wilson
Batting: LHB Bill Chambers 0-0: Ball
1-0: Called Strike
1-1: Ball
2-1: Ball
3-1: Foul Ball, location: 2F
3-2: SINGLE (Line Drive, 89M)
Batting: RHB Joseph Papasogli 0-0: Ball
1-0: Foul Ball, location: 2F
1-1: Ball
2-1: Called Strike
Bill Chambers is caught stealing 2nd base
2-2: Ground out 5-3 (Groundball, 56)
Batting: RHB Vincente Flores 0-0: Foul Ball, location: 2F
0-1: Ball
1-1: Ground out 4-3 (Groundball, 4)
Bottom of the 3rd over - 0 run(s), 1 hit(s), 0 error(s), 0 left on base; Richardson City 1 - Boston 0
TOP OF THE 4TH
Richardson City Thundercats batting - Pitching for Boston Patriots : RHP Cameron Frye
Batting: RHB Juan Cabrera 0-0: Ball
1-0: Foul Ball, location: 2F
1-1: Foul Ball, location: 2F
1-2: Ball
2-2: SINGLE (Line Drive, 6D)
Batting: LHB Terrence Eler 0-0: Called Strike
0-1: Foul Ball, location: 2F
0-2: Strikes out looking
Batting: RHB Alden Wiley 0-0: Ball
1-0: Called Strike
1-1: Swinging Strike
1-2: Strikes out swinging
Batting: RHB Javier Rivera 0-0: Called Strike
0-1: Ball
1-1: Fly out, F8 (Flyball, 8RM)
Top of the 4th over - 0 run(s), 1 hit(s), 0 error(s), 1 left on base; Richardson City 1 - Boston 0
BOTTOM OF THE 4TH
Boston Patriots batting - Pitching for Richardson City Thundercats : RHP Cordell Wilson
Batting: LHB Alberto Enríquez 0-0: Ball
1-0: Ball
2-0: Called Strike
2-1: SINGLE (Groundball, 23) (infield hit)
Batting: LHB Ramón Félix 0-0: Called Strike
0-1: Ball
1-1: Ball
2-1: Fly out, F9 (Flyball, 9S)
Batting: RHB Terry Armstrong 0-0: Ball
1-0: Called Strike
1-1: Called Strike
1-2: Ball
2-2: Ball
3-2: Base on Balls
Alberto Enríquez to second
Batting: RHB Tommy Jones 0-0: Ball
1-0: Called Strike
1-1: Ball
2-1: Ball
3-1: Base on Balls
Alberto Enríquez to third
Terry Armstrong to second
Batting: RHB Tamasaburo Kato 0-0: Called Strike
0-1: Called Strike
0-2: Foul Ball, location: 2F
0-2: Ball
1-2: Grounds into fielders choice 4-2 (Groundball, 4)
Terry Armstrong to third
Tommy Jones to second
Batting: LHB Jorge Alejándrez 0-0: Fly out, F9 (Flyball, 9D)
Bottom of the 4th over - 0 run(s), 1 hit(s), 0 error(s), 3 left on base; Richardson City 1 - Boston 0
TOP OF THE 5TH
Richardson City Thundercats batting - Pitching for Boston Patriots : RHP Cameron Frye
Batting: RHB Chriss Mann 0-0: Ball
1-0: Ball
2-0: Ball
3-0: Called Strike
3-1: Called Strike
3-2: Ground out 6-3 (Groundball, 56)
Batting: LHB Eduardo Álvarez 0-0: Called Strike
0-1: Foul Ball, location: 2F
0-2: Ball
1-2: SINGLE (Flyball, 4MD)
Batting: LHB Fernando Ramírez 0-0: Ball
Eduardo Álvarez is caught stealing 2nd base
1-0: Ball
2-0: Foul Ball, location: 2F
2-1: Ball
3-1: Hit by Pitch
Batting: RHB Tomás Martínez 0-0: Foul Ball, location: 2F
0-1: Swinging Strike
0-2: Strikes out swinging
Top of the 5th over - 0 run(s), 1 hit(s), 0 error(s), 1 left on base; Richardson City 1 - Boston 0
BOTTOM OF THE 5TH
Boston Patriots batting - Pitching for Richardson City Thundercats : RHP Cordell Wilson
Batting: LHB Bill Chambers 0-0: Ball
1-0: Ball
2-0: Ball
3-0: Called Strike
3-1: Foul Ball, location: 2F
3-2: Ground out 6-3 (Groundball, 6)
Batting: RHB Joseph Papasogli 0-0: Ground out 1-3 (Groundball, 15)
Batting: RHB Vincente Flores 0-0: Foul Ball, location: 2F
0-1: Ball
1-1: Ball
2-1: Swinging Strike
2-2: Fly out, F9 (Flyball, 89M)
Bottom of the 5th over - 0 run(s), 0 hit(s), 0 error(s), 0 left on base; Richardson City 1 - Boston 0
TOP OF THE 6TH
Richardson City Thundercats batting - Pitching for Boston Patriots : RHP Cameron Frye
Batting: LHB Carroll Martin 0-0: Called Strike
0-1: DOUBLE (Line Drive, 78S)
Batting: RHB Juan Cabrera 0-0: Foul Ball, location: 2F
0-1: Ball
1-1: Foul Ball, location: 2F
1-2: Strikes out swinging
Batting: LHB Terrence Eler 0-0: Intentional Walk
Pitching: RHP Folkert van Huizen
Batting: RHB Alden Wiley 0-0: Ball
1-0: Called Strike
1-1: Called Strike
1-2: Fly out, F9 (Flyball, 9LM)
Batting: RHB Javier Rivera 0-0: Called Strike
0-1: Swinging Strike
0-2: Ball
1-2: Fly out, F9 (Flyball, 9D)
Top of the 6th over - 0 run(s), 1 hit(s), 0 error(s), 2 left on base; Richardson City 1 - Boston 0
BOTTOM OF THE 6TH
Boston Patriots batting - Pitching for Richardson City Thundercats : RHP Cordell Wilson
Batting: LHB Alberto Enríquez 0-0: Ball
1-0: SOLO HOME RUN (Flyball, 89XD), Distance : 424 ft
Batting: LHB Ramón Félix 0-0: Swinging Strike
0-1: Ball
1-1: Foul Ball, location: 2F
1-2: Strikes out swinging
Batting: RHB Terry Armstrong 0-0: Ball
1-0: Foul Ball, location: 2F
1-1: Ball
2-1: Ball
3-1: Base on Balls
Batting: RHB Tommy Jones 0-0: Called Strike
0-1: Grounds into double play, 6-4-3 (Groundball, 6)
Bottom of the 6th over - 1 run(s), 1 hit(s), 0 error(s), 0 left on base; Richardson City 1 - Boston 1
TOP OF THE 7TH
Richardson City Thundercats batting - Pitching for Boston Patriots : RHP Folkert van Huizen
Batting: RHB Chriss Mann 0-0: Foul Ball, location: 2F
0-1: Swinging Strike
0-2: Fly out, F4 (Flyball, 4MD)
Batting: LHB Eduardo Álvarez 0-0: Ball
1-0: SINGLE (Groundball, 6D)
Batting: LHB Fernando Ramírez 0-0: Ball
1-0: Swinging Strike
1-1: Ball
2-1: Ball
Eduardo Álvarez steals 2nd base
3-1: Foul Ball, location: 2F
3-2: Strikes out swinging
Batting: RHB Tomás Martínez 0-0: Called Strike
0-1: Ball
1-1: Foul Ball, location: 2F
1-2: Strikes out looking
Top of the 7th over - 0 run(s), 1 hit(s), 0 error(s), 1 left on base; Richardson City 1 - Boston 1
BOTTOM OF THE 7TH
Boston Patriots batting - Pitching for Richardson City Thundercats : RHP Cordell Wilson
Batting: RHB Tamasaburo Kato 0-0: Swinging Strike
0-1: Ball
1-1: Fly out, F5 (Line Drive, 56)
Batting: LHB Jorge Alejándrez 0-0: Ball
1-0: Called Strike
1-1: Ball
2-1: Swinging Strike
2-2: Strikes out swinging
Batting: LHB Bill Chambers 0-0: Ball
1-0: Ball
2-0: Ball
3-0: Base on Balls
Batting: RHB Joseph Papasogli 0-0: SINGLE (Flyball, 7S)
Bill Chambers to second
Batting: RHB Vincente Flores 0-0: Foul Ball, location: 2F
0-1: Ball
1-1: Ball
2-1: Foul Ball, location: 2F
2-2: Foul Ball, location: 2F
2-2: Ball
3-2: Foul Ball, location: 2F
3-2: Base on Balls
Bill Chambers to third
Joseph Papasogli to second
Batting: LHB Alberto Enríquez 0-0: Ball
1-0: Ball
2-0: Called Strike
2-1: Fly out, F8 (Flyball, 8RD)
Bottom of the 7th over - 0 run(s), 1 hit(s), 0 error(s), 3 left on base; Richardson City 1 - Boston 1
TOP OF THE 8TH
Richardson City Thundercats batting - Pitching for Boston Patriots : RHP Folkert van Huizen
Batting: LHB Carroll Martin 0-0: Called Strike
0-1: Ball
1-1: Ball
2-1: Foul Ball, location: 2F
2-2: Foul Ball, location: 2F
2-2: Foul Ball, location: 2F
2-2: Strikes out swinging
Batting: RHB Juan Cabrera 0-0: Ball
1-0: Ground out 6-3 (Groundball, 6)
Batting: LHB Terrence Eler 0-0: Called Strike
0-1: Called Strike
0-2: Strikes out swinging
Top of the 8th over - 0 run(s), 0 hit(s), 0 error(s), 0 left on base; Richardson City 1 - Boston 1
BOTTOM OF THE 8TH
Boston Patriots batting - Pitching for Richardson City Thundercats : RHP Cordell Wilson
Pitching: LHP Manuel Franco
Batting: LHB Ramón Félix 0-0: Swinging Strike
0-1: Foul Ball, location: 2F
0-2: Ball
1-2: Foul Ball, location: 2F
1-2: Ball
2-2: Ball
3-2: Base on Balls
Batting: RHB Terry Armstrong 0-0: Swinging Strike
0-1: Ball
1-1: Ball
2-1: Foul Ball, location: 2F
2-2: Strikes out looking
Batting: RHB Tommy Jones 0-0: Ball
1-0: Ball
2-0: Ball
3-0: Base on Balls
Ramón Félix to second
Batting: RHB Tamasaburo Kato 0-0: Ball
1-0: Swinging Strike
1-1: Swinging Strike
1-2: Foul Ball, location: 2F
1-2: Ball
2-2: Strikes out swinging
Batting: LHB Jorge Alejándrez 0-0: Ball
1-0: Ball
2-0: Called Strike
2-1: Foul Ball, location: 2F
2-2: Ball
3-2: Base on Balls
Ramón Félix to third
Tommy Jones to second
Batting: LHB Bill Chambers 0-0: Ball
1-0: Ball
2-0: Called Strike
2-1: Fly out, F6 (Popup, 5D)
Bottom of the 8th over - 0 run(s), 0 hit(s), 0 error(s), 3 left on base; Richardson City 1 - Boston 1
TOP OF THE 9TH
Richardson City Thundercats batting - Pitching for Boston Patriots : RHP Folkert van Huizen
Pitching: RHP Kirby Brown
Batting: RHB Alden Wiley 0-0: SINGLE (Groundball, 56D)
Batting: RHB Javier Rivera 0-0: Ball
1-0: SINGLE (Groundball, 4M) (infield hit)
Alden Wiley to second
Batting: RHB Chriss Mann 0-0: Grounds into double play, 6-4-3 (Groundball, 6)
Alden Wiley to third
Batting: LHB Eduardo Álvarez 0-0: Called Strike
0-1: Fly out, F7 (Flyball, 7LSF)
Top of the 9th over - 0 run(s), 2 hit(s), 0 error(s), 1 left on base; Richardson City 1 - Boston 1
BOTTOM OF THE 9TH
Boston Patriots batting - Pitching for Richardson City Thundercats : LHP Manuel Franco
Pinch Hitting: RHB John Downing 0-0: Ball
1-0: Swinging Strike
1-1: Foul Ball, location: 2F
1-2: Ball
2-2: Ball
3-2: Foul Ball, location: 2F
3-2: Foul Ball, location: 2F
3-2: Ground out 5-3 (Groundball, 56S)
Pinch Hitting: RHB Karl Schultz 0-0: Called Strike
0-1: Ball
1-1: Ball
2-1: Foul Ball, location: 2F
2-2: Foul Ball, location: 2F
2-2: Ball
3-2: SINGLE (Line Drive, 56)
Pitching: RHP Ramón Ortega
Batting: LHB Alberto Enríquez 0-0: Called Strike
0-1: Foul Ball, location: 2F
0-2: Ball
1-2: Ball
2-2: SINGLE (Groundball, 4MD)
Karl Schultz to second
Batting: LHB Ramón Félix 0-0: Ball
1-0: Called Strike
1-1: Grounds into double play, 4-6-3 (Groundball, 4)
Bottom of the 9th over - 0 run(s), 2 hit(s), 0 error(s), 1 left on base; Richardson City 1 - Boston 1
TOP OF THE 10TH
Richardson City Thundercats batting - Pitching for Boston Patriots : RHP Kirby Brown
Now at C: Timmy Appeldoorn
Now in LF: John Downing
Batting: LHB Fernando Ramírez 0-0: Ball
1-0: Fly out, F3 (Line Drive, 3S)
Batting: RHB Tomás Martínez 0-0: Ball
1-0: Foul Ball, location: 2F
1-1: SINGLE (Flyball, 78S)
Batting: LHB Carroll Martin 0-0: Foul Ball, location: 2F
0-1: Fly out, F8 (Line Drive, 8RM)
Batting: RHB Juan Cabrera 0-0: Ball
1-0: Ball
2-0: Ball
3-0: Called Strike
3-1: Foul Ball, location: 2F
3-2: Foul Ball, location: 2F
3-2: Base on Balls
Tomás Martínez to second
Batting: LHB Terrence Eler 0-0: Ground out U3 (Groundball, 34)
Top of the 10th over - 0 run(s), 1 hit(s), 0 error(s), 2 left on base; Richardson City 1 - Boston 1
BOTTOM OF THE 10TH
Boston Patriots batting - Pitching for Richardson City Thundercats : RHP Ramón Ortega
Batting: RHB Terry Armstrong 0-0: Called Strike
0-1: Ball
1-1: Foul Ball, location: 2F
1-2: Foul Ball, location: 2F
1-2: Fly out, F8 (Line Drive, 78D)
Batting: RHB Tommy Jones 0-0: Swinging Strike
0-1: Fly out, F9 (Line Drive, 9)
Batting: RHB Tamasaburo Kato 0-0: Ball
1-0: Called Strike
1-1: Foul Ball, location: 2F
1-2: Foul Ball, location: 2F
1-2: Ball
2-2: Ground out 6-3 (Groundball, 6)
Bottom of the 10th over - 0 run(s), 0 hit(s), 0 error(s), 0 left on base; Richardson City 1 - Boston 1
TOP OF THE 11TH
Richardson City Thundercats batting - Pitching for Boston Patriots : RHP Kirby Brown
Batting: RHB Alden Wiley 0-0: Called Strike
0-1: Ball
1-1: Ground out 5-3 (Groundball, 5)
Batting: RHB Javier Rivera 0-0: Ground out 6-3 (Groundball, 6M)
Batting: RHB Chriss Mann 0-0: Ground out 5-3 (Groundball, 5)
Top of the 11th over - 0 run(s), 0 hit(s), 0 error(s), 0 left on base; Richardson City 1 - Boston 1
BOTTOM OF THE 11TH
Boston Patriots batting - Pitching for Richardson City Thundercats : RHP Ramón Ortega
Batting: LHB Jorge Alejándrez 0-0: Fly out, F5 (Popup, 5D)
Batting: LHB Bill Chambers 0-0: Called Strike
0-1: Ball
1-1: Ball
2-1: Ground out U3 (Groundball, 3)
Batting: RHB John Downing 0-0: Ball
1-0: Ball
2-0: Foul Ball, location: 2F
2-1: Foul Ball, location: 2F
2-2: Ball
3-2: Fly out, F7 (Flyball, 7S)
Bottom of the 11th over - 0 run(s), 0 hit(s), 0 error(s), 0 left on base; Richardson City 1 - Boston 1
TOP OF THE 12TH
Richardson City Thundercats batting - Pitching for Boston Patriots : RHP Kirby Brown
Batting: LHB Eduardo Álvarez 0-0: Called Strike
0-1: Swinging Strike
0-2: Ball
1-2: Foul Ball, location: 2F
1-2: Ball
2-2: Foul Ball, location: 2F
2-2: SINGLE (Line Drive, 78S)
Batting: LHB Fernando Ramírez 0-0: Swinging Strike
0-1: Ball
1-1: Swinging Strike
1-2: Foul Ball, location: 2F
1-2: 2-RUN HOME RUN (Flyball, 89XD), Distance : 424 ft
Pitching: RHP Robinson Gonzáles
Batting: RHB Tomás Martínez 0-0: Called Strike
0-1: Ball
1-1: DOUBLE (Line Drive, 8LXD)
Batting: LHB Carroll Martin 0-0: DOUBLE (Line Drive, 9)
Tomás Martínez scores
Batting: RHB Juan Cabrera 0-0: Fly out, F8 (Flyball, 8LM)
Batting: LHB Terrence Eler 0-0: Intentional Walk
Batting: RHB Alden Wiley 0-0: Called Strike
0-1: Ball
1-1: Foul Ball, location: 2F
1-2: Foul Ball, location: 2F
1-2: Strikes out swinging
Batting: RHB Javier Rivera 0-0: Ball
1-0: Ball
2-0: Foul Ball, location: 2F
2-1: SINGLE (Flyball, 8RS)
Carroll Martin to third
Terrence Eler to second
Runner from 3rd tries for Home, SAFE, throw made at trailing runner, SAFE at third!
Pitching: LHP Jesús Caldero
Batting: RHB Chriss Mann 0-0: Called Strike
0-1: Ball
1-1: Ball
2-1: Ball
3-1: Foul Ball, location: 2F
3-2: Foul Ball, location: 2F
3-2: Foul Ball, location: 2F
3-2: Foul Ball, location: 2F
3-2: Base on Balls
Javier Rivera to second
Batting: LHB Eduardo Álvarez 0-0: Fielders Choice at 2nd, 6-4 (Groundball, 6)
Top of the 12th over - 4 run(s), 5 hit(s), 0 error(s), 2 left on base; Richardson City 5 - Boston 1
BOTTOM OF THE 12TH
Boston Patriots batting - Pitching for Richardson City Thundercats : RHP Ramón Ortega
Batting: LHB Timmy Appeldoorn 0-0: Ground out 4-3 (Groundball, 4)
Batting: LHB Alberto Enríquez 0-0: Ball
1-0: Called Strike
1-1: Ball
2-1: Called Strike
2-2: Ball
3-2: Strikes out looking
Batting: LHB Ramón Félix 0-0: Ball
1-0: Called Strike
1-1: Called Strike
1-2: Foul Ball, location: 2F
1-2: Ground out 4-3 (Groundball, 4)
Bottom of the 12th over - 0 run(s), 0 hit(s), 0 error(s), 0 left on base; Richardson City 5 - Boston 1
Saturday, May 26th, 2018 - OOTP Baseball 17.12 Build 75